AoeStats
← CazadorGT

Fortress

508754272Analyzed
4v4 RM · 9d ago on Sep 23, 2026· 53m 55s· 8 players
Game mode
Random Map
Map size
Huge
Population
200
Speed
Normal
Resources
Standard
Victory
Conquest
Starting age
Dark Age
Ending age
Imperial Age
RankedLock teamsTeams togetherTeam positionsShared explorationLock speedFull tech treeHidden civsTurbo modeCheats
Victory
Defeat
🇨🇦 Saracens · Canada
1085
+11
🇦🇷 Britons · Argentina
942
+17
🇨🇱 Burgundians · Chile
940
+17
🇨🇦 Varangians · Canada
804
+23
🇬🇹 Bohemians · Guatemala
1166
-24
🇬🇧 Magyars · United Kingdom
979
-18
🇻🇳 Byzantines · Vietnam
913
-15
🇦🇷 Franks · Argentina
820
-11
lhermite
5:54 Loom
8:42 Feudal Age
13:26 Castle Age
12:35 Double-Bit Axe
12:31 Horse Collar
14:53 Bow Saw
15:24 Heavy Plow
22:29 Scale Barding Armor
24:05 Bloodlines
25:08 Wheelbarrow
26:26 Hand Cart
31:52 Imperial Age
29:45 Chain Barding Armor
32:01 Elite Mameluke
33:03 Conscription
33:16 Light Cavalry
33:57 Husbandry
38:56 Plate Barding Armor
38:32 Forging
44:13 Fletching
49:44 Iron Casting
51:56 Hussar
Krypp
7:11 Feudal Age
12:41 Castle Age
11:27 Double-Bit Axe
11:24 Horse Collar
14:38 Bow Saw
19:50 Ballistics
26:37 Imperial Age
24:19 Fletching
25:12 Scale Barding Armor
30:29 Elite Jarl
31:11 Vendel Legacy
34:04 Bloodlines
33:14 Light Cavalry
34:24 Forging
36:18 Hussar
38:24 Chain Barding Armor
43:32 Plate Barding Armor
42:57 Scale Mail Armor
42:53 Bodkin Arrow
Bilbo87
8:45 Feudal Age
9:34 Double-Bit Axe
10:17 Horse Collar
10:46 Fletching
13:23 Padded Archer Armor
17:02 Castle Age
17:27 Crossbowman
20:19 Ballistics
32:46 Bodkin Arrow
35:28 Leather Archer Armor
46:58 Imperial Age
47:05 Arbalester
49:03 Chemistry
49:09 Bracer
GERMANICO7222
1:48 Loom
2:05 Horse Collar
3:28 Double-Bit Axe
9:41 Feudal Age
8:49 Gold Mining
12:11 Heavy Plow
13:18 Bow Saw
16:17 Castle Age
16:39 Scale Mail Armor
17:45 Wheelbarrow
18:12 Squires
17:57 Arson
19:46 Scale Barding Armor
20:35 Chain Mail Armor
24:59 Cavalier
25:41 Husbandry
25:54 Forging
26:02 Light Cavalry
31:34 Chain Barding Armor
34:55 Stone Mining
37:12 Hand Cart
36:42 Town Watch
42:24 Imperial Age
44:12 Iron Casting
44:08 Plate Mail Armor
44:13 Plate Barding Armor
43:04 Paladin
44:27 Flemish Revolution
45:07 Burgundian Vineyards
45:51 Capped Ram
CazadorGT
8:24 Feudal Age
12:09 Castle Age
11:04 Horse Collar
11:12 Double-Bit Axe
11:55 Fletching
17:13 Forging
18:03 Loom
18:04 Town Watch
19:55 Wheelbarrow
21:47 Iron Casting
28:35 Imperial Age
34:20 Imperial Age
33:15 Padded Archer Armor
35:37 Chemistry
36:08 Bodkin Arrow
37:32 Leather Archer Armor
BetrayedSnail57
6:35 Loom
8:21 Feudal Age
9:25 Double-Bit Axe
9:23 Horse Collar
11:12 Wheelbarrow
15:12 Castle Age
14:45 Bloodlines
14:46 Scale Barding Armor
15:10 Gold Mining
15:11 Stone Mining
16:35 Corvinian Army
19:56 Bow Saw
20:41 Chain Barding Armor
26:52 Heavy Plow
32:58 Imperial Age
33:26 Husbandry
33:57 Elite Magyar Huszar
41:20 Parthian Tactics
41:54 Thumb Ring
43:37 Ballistics
43:50 Fletching
44:00 Padded Archer Armor
44:53 Recurve Bow
46:27 Chemistry
46:34 Bodkin Arrow
46:55 Leather Archer Armor
46:28 Heavy Cavalry Archer
49:18 Bracer
49:50 Ring Archer Armor
COSTAMDP
8:02 Feudal Age
12:49 Castle Age
11:28 Gold Mining
12:07 Double-Bit Axe
22:05 Stone Mining
31:48 Forging
31:44 Scale Barding Armor
34:05 Iron Casting
33:51 Chain Barding Armor
37:24 Imperial Age
39:31 Chemistry
40:40 Blast Furnace
40:51 Gold Shaft Mining
41:34 Wheelbarrow
40:45 Loom
40:42 Cavalier
41:22 Husbandry
47:27 Ballistics
47:18 Masonry
48:40 Capped Ram
GANADO
7:30 Feudal Age
9:00 Double-Bit Axe
8:58 Horse Collar
14:54 Castle Age
13:09 Gold Mining
15:03 Wheelbarrow
15:52 Bow Saw
15:57 Heavy Plow
22:12 Imperial Age
20:50 Scale Barding Armor
22:07 Fletching
24:47 Elite Skirmisher
26:45 Chain Barding Armor
30:00 Crop Rotation
30:58 Thumb Ring
32:31 Chemistry
31:52 Ballistics
33:21 Squires
32:42 Pikeman
33:35 Forging
33:27 Scale Mail Armor
34:13 Conscription
34:31 Bodkin Arrow
35:04 Halberdier
37:16 Bracer
37:34 Chain Mail Armor
38:06 Hand Cart
37:37 Loom
39:26 Iron Casting
39:45 Plate Mail Armor
42:46 Two-Man Saw
51:36 Guard Tower
51:27 Treadmill Crane
Connection lost

Rejoining the realm…

Still unreachable

The connection could not be restored.

Session expired

The server has moved on; the page needs a fresh start.